 Dungeon Crawl Stone Soup version 0.29-a0-92-gee772dd00f (webtiles) character file.

Game seed: 459719110355383364

8 Destapler the Skirmisher (level 2, -1/25 HPs)
             Began as a Palentonga Fighter on Feb 9, 2022.
             Slain by a goblin (2 damage)
             ... on level 1 of the Dungeon.
             The game lasted 00:00:58 (43 turns).

Destapler the Skirmisher (Palentonga Fighter)         Turns: 43, Time: 00:01:00

Health: -1/25      AC:  6    Str: 19    XL:     2   Next: 0%
Magic:  2/2        EV:  7    Int:  8    God:
Gold:   0          SH:  4    Dex:  9    Spells: 1/1 levels left

rFire   . . .      SeeInvis +   a - +0 flail
rCold   . . .      Faith    .   c - +0 buckler
rNeg    . . .      Spirit   .   b - +0 scale mail
rPois   .          Reflect  .   (no helmet)
rElec   .          Harm     .   (no cloak)
rCorr   .          Rampage  .   (no gloves)
Will    .....                   (no barding)
Stlth   ..........              (no amulet)
HPRegen 0.08/turn               (no ring)
MPRegen 0.08/turn               (no ring)

@: mighty
A: large, rugged brown scales 3, see invisible, deformed body, roll 1, armoured
tail
a: Rolling Charge


You were on level 1 of the Dungeon.
You visited 1 branch of the dungeon, and saw 1 of its levels.

Inventory:

Hand Weapons
 a - a +0 flail (weapon)
Armour
 b - a +0 scale mail (worn)
 c - a +0 buckler (worn)
Scrolls
 e - a scroll of teleportation {unknown}


   Skills:
 + Level 3.1 Fighting
 + Level 2.2 Maces & Flails
 + Level 2.5 Armour
 + Level 2.5 Shields


You had one spell level left.
You didn't know any spells.
Your spell library was empty.

Dungeon Overview and Level Annotations

Branches:
Dungeon (1/15)

Altars:


Innate Abilities, Weirdness & Mutations

You are completely covered in rugged brown scales. (AC +3, +7% HP)
You have supernaturally acute eyesight. (SInv)
Armour fits poorly on your strangely shaped body.
You can roll at nearby foes to attack.
You have a long armoured tail.


Message History

The dart slug is lightly wounded.
You block the bat's attack. The bat hits you but does no damage.
The bat hits you.
* * * LOW HITPOINT WARNING * * *
The bat barely misses you. The frilled lizard closely misses you.
The bat barely misses you. The bat hits you.
* * * LOW HITPOINT WARNING * * *
The dart slug bites you.
* * * LOW HITPOINT WARNING * * *
You feel very mighty all of a sudden. The bat barely misses you.
The bat hits you but does no damage. The bat barely misses you.
The frilled lizard bites you but does no damage. x2
You sock the dart slug!
You kill the dart slug!
The bat hits you but does no damage. You block the bat's attack.
The frilled lizard bites you but does no damage.
The frilled lizard bites you.
* * * LOW HITPOINT WARNING * * *
The goblin barely misses you. The bat hits you but does no damage.
You thump the bat!
You kill the bat!
The frilled lizard completely misses you.
The frilled lizard bites you but does no damage.
The rat bites you but does no damage. The goblin hits you but does no damage.
The frilled lizard bites you but does no damage.
You block the frilled lizard's attack. The rat bites you but does no damage.
You have reached level 2!
You closely miss the frilled lizard. You block the goblin's attack.
The frilled lizard closely misses you. The frilled lizard barely misses you.
The rat bites you but does no damage. The goblin completely misses you.
You miss the goblin.
The frilled lizard closely misses you. x2
You block the rat's attack. The goblin hits you but does no damage.
You hit the goblin.
Your tail-slap misses the goblin.
The goblin is severely wounded.
The frilled lizard bites you but does no damage.
You block the frilled lizard's attack. The rat bites you.
* * * LOW HITPOINT WARNING * * *
The goblin hits you with a +0 club.
You die...

............###.....##.≈..≈≈
#..........#.......'.≈.≈≈.
#..................'.≈..≈<
#...w.....#........#.≈≈...
#.#..#...##........#..≈≈≈≈
#...w#g.?..........#≈..≈≈≈
#.##S#.#..#........#≈≈.... #
#...##r##.......##≈≈≈≈≈
####..##@.†........######
#....wbgll...........
.........Sr.............
##...................#..
#....................
#..................#
##.........#......##
##...#........##
###########...


You could see a dart slug, a goblin, a bat, a ball python, 2 frilled lizards and
2 rats.

Vanquished Creatures
  2 dart slugs (D:1)
  2 bats (D:1)
  A rat (D:1)
5 creatures vanquished.

Notes
Turn   | Place    | Note
-------+----------+-------------------------------------------
     0 | D:1      | Destapler the Palentonga Fighter began the quest for the
                  | Orb.
     0 | D:1      | Reached XP level 1. HP: 19/19 MP: 1/1
    41 | D:1      | Reached XP level 2. HP: 2/25 MP: 2/2
    43 | D:1      | HP: 1/25 [rat (1)]
    43 | D:1      | Slain by a goblin

Illustrated notes

Levels and vault maps discovered:
D:1:      psy_arrival_whirlpool, layout_rooms, serial_glass, glass_columns_a,
          glass_columns_b, kennysheep_crisscross

Action                   || total
-------------------------++-------
Melee: Flail             ||    15
 Abil: Rolling Charge    ||     5
  Use: Potion            ||     1
Armor: Scale mail        ||    48
Dodge: Dodged            ||    29
Block: Buckler           ||    15

Table legend: (Time is in decaauts)
 A = Elapsed time spent in this place.
 B = Non-inter-level travel time spent in this place.
 C = Inter-level travel time spent in this place.
 D = Time resting spent in this place.
 E = Time spent auto-exploring this place.
 F = Levels seen in this place.
 G = Mean time per level.
                   A        B        C        D        E       F      G
               +--------+--------+--------+--------+--------+-----+--------+
         Total |     49 |     49 |      0 |      0 |      0 |   1 |   49.0 |
       Dungeon |     49 |     49 |      0 |      0 |      0 |   1 |   49.0 |
               +--------+--------+--------+--------+--------+-----+--------+

Top non-repeatable levels by time:
     D:1: 49 daAuts
